 Dungeon Crawl Stone Soup version 0.19.1 (webtiles) character file.

335 CanadianGator the Twirler (level 6, -3/38 HPs)
             Began as a Gargoyle Gladiator on Nov 29, 2016.
             Slain by Menkaure (8 damage)
             ... on level 4 of the Dungeon.
             The game lasted 00:07:34 (2918 turns).

CanadianGator the Twirler (Gargoyle Gladiator)      Turns: 2918, Time: 00:07:35

Health: -3/38      AC: 18    Str: 21    XL:     6   Next: 53%
Magic:  6/6        EV:  7    Int: 16    God:
Gold:   213        SH:  0    Dex: 10    Spells: 0 memorised, 5 levels left

rFire  . . .     SeeInvis .     a - +0 quarterstaff
rCold  + . .     Gourm    .     e - +0 plate armour
rNeg   + . .     Faith    .     (shield currently unavailable)
rPois  ∞         Spirit   .     c - +0 helmet
rElec  +         Reflect  .     n - +0 cloak
rCorr  .         Harm     +     (no gloves)
MR     .....                    (no boots)
Stlth  ..........               u - amulet of harm
                                j - +3 ring of intelligence
                                k - ring of protection from cold

@: brilliant
A: negative energy resistance 1, electricity resistance, unbreathing,
petrification resistance, rot immunity, AC +4
a: no special abilities


You were on level 4 of the Dungeon.
You were near starving.

You visited 1 branch of the dungeon, and saw 4 of its levels.

You collected 213 gold pieces.

Inventory:

Hand Weapons
 a - a +0 quarterstaff (weapon)
Missiles
 d - 3 throwing nets (quivered)
Armour
 b - a +0 leather armour
 c - a +0 helmet (worn)
 e - a +0 plate armour (worn)
 n - a +0 cloak (worn)
Magical Staves
 s - an uncursed staff of wizardry
Jewellery
 j - a +3 ring of intelligence (right hand)
 k - a ring of protection from cold (left hand)
 u - an amulet of harm (around neck)
 y - an uncursed ring of poison resistance {unknown}
Scrolls
 h - a scroll of noise {unknown}
 l - 4 scrolls of identify {unknown}
 m - 2 scrolls of teleportation {unknown}
 p - 5 scrolls of remove curse {unknown}
 t - a scroll of fear {unknown}
 v - a scroll of enchant armour {unknown}
 w - a scroll of enchant weapon {unknown}
Potions
 g - a potion of brilliance
 i - a potion of curing {unknown}
 z - a potion of cancellation {unknown}
Comestibles
 f - 2 bread rations
 o - a royal jelly
 q - 2 meat rations
 r - 3 beef jerkies
 x - a slice of pizza


   Skills:
 + Level 4.1 Fighting
 + Level 4.3 Staves
 - Level 1.7 Throwing
 + Level 3.1 Armour
 + Level 3.7 Dodging


You had 5 spell levels left.
You didn't know any spells.

Dungeon Overview and Level Annotations

Branches:
Dungeon (4/15)
 Temple: D:4-7

Altars:
Cheibriados
Ru

Annotations:
D:4 Menkaure


Innate Abilities, Weirdness & Mutations

You are resistant to torment.
Your stone body is resilient. (AC +4)
You are immune to poison.
You resist negative energy. (rN+)
You are resistant to electric shocks. (rElec)
You can survive without breathing.
You are immune to petrification.
You are immune to rotting.


Message History

You barely miss the adder. The adder bites you.
Menkaure calls on the powers of darkness!
The adder convulses!
Your body is wracked with pain!
You barely miss the adder.
The adder is heavily wounded.
The adder bites you but does no damage.
Menkaure points at you and mumbles some strange words.
Pain shoots through your body!
You hit the adder.
The adder is severely wounded.
The adder bites you but does no damage. x2; Menkaure hits you!
Ouch! That really hurt!
* * * LOW HITPOINT WARNING * * *
You are too injured to fight recklessly!
You are too injured to fight recklessly!
You are too injured to fight recklessly!
It was a potion of brilliance.
You feel clever all of a sudden. The adder barely misses you.
Menkaure hits you!
You die...

.# ### .### ###...
...### #.....
.....##
.....8###8....._
......#....!.####
#....8.S..###..#
#### #..M@.###....#
#... #...).#.....##
#... ##...##....###
#... #...####....##
#... ##.##
####..####..( #.#
#...#........ #'#
#.#.######...
#.#####.#...######.
#.......###....# #.


You could see Menkaure and an adder.

Vanquished Creatures
  A centaur skeleton (D:4)
  An iguana (D:4)
  3 worker ants (D:4)
  10 adders
  An ooze (D:4)
  6 worms
  A dart slug (D:2)
  5 leopard geckos
  6 orcs
  5 giant cockroaches
  8 goblins
  11 hobgoblins
  5 jackals (D:2)
  9 kobolds
  3 quokkas
  A ball python (D:1)
  8 bats
  4 frilled lizards
  5 rats
93 creatures vanquished.

Notes
Turn   | Place    | Note
-------+----------+-------------------------------------------
     0 | D:1      | CanadianGator the Gargoyle Gladiator began the quest for the Orb.
     0 | D:1      | Reached XP level 1. HP: 12/12 MP: 1/1
    98 | D:1      | Reached XP level 2. HP: 5/18 MP: 2/2
   497 | D:1      | Reached skill level 1 in Armour
   497 | D:1      | Reached XP level 3. HP: 21/22 MP: 3/3
  1134 | D:2      | Found a snail-covered altar of Cheibriados.
  1258 | D:2      | Reached XP level 4. HP: 28/28 MP: 4/4
  1959 | D:3      | Reached XP level 5. HP: 26/32 MP: 5/5
  2612 | D:4      | Reached XP level 6. HP: 31/38 MP: 6/6
  2910 | D:4      | Noticed Menkaure
  2912 | D:4      | Found a sacrificial altar of Ru.
  2918 | D:4      | Slain by Menkaure

Skill      XL: |  1  2  3  4  5  6 |
---------------+-------------------+-----
Armour         | 1 2 3 |  3.1
Fighting       | 3 4 |  4.1
Dodging        | 3 |  3.7
Staves         | 4 |  4.3
Throwing       | |  1.7

Action                   |  1- 3 |  4- 6 || total
-------------------------+-------+-------++-------
Melee: Quarterstaff      |   136 |   229 ||   365
  Use: Potion            |       |     1 ||     1
  Eat: Chunk             |       |     5 ||     5
Armor: Plate armour      |   110 |   238 ||   348
       Leather armour    |     1 |       ||     1
Dodge: Dodged            |    56 |    96 ||   152
